 Dungeon Crawl Stone Soup version 0.30-a0-585-g93115170b9 (webtiles) character file.

Game seed: 10743131774258940446

651 themarg the Insei (level 7, -3/53 HPs)
             Began as a Gnoll Transmuter on Jan 2, 2023.
             Was an Initiate of Kikubaaqudgha.
             Slain by a black bear (11 damage)
             ... on level 6 of the Dungeon.
             The game lasted 00:09:26 (3291 turns).

themarg the Insei (Gnoll Transmuter)                Turns: 3291, Time: 00:09:27

Health: -3/53      AC:  2    Str: 10    XL:     7   Next: 53%
Magic:  13/15      EV: 22    Int: 14    God:    Kikubaaqudgha [......]
Gold:   105        SH:  0    Dex: 17    Spells: 11/17 levels left

rFire   . . .      SeeInvis .      - Unarmed
rCold   . . .      Faith    .    (shield currently unavailable)
rNeg    . . .      Spirit   .    (body armour currently unavailable)
rPois   x          Reflect  .    (helmet currently unavailable)
rElec   .          Harm     .    (cloak currently unavailable)
rCorr   .          Rampage  .    (gloves currently unavailable)
Will    .....                    (boots currently unavailable)
Stlth   ++                       (no amulet)
HPRegen 0.28/turn                (no ring)
MPRegen 0.14/turn                (no ring)

@: spider-form
A: venomous fangs, tiny, (fangs 1), strong nose, distributed training
a: End Transformation, Renounce Religion


You were on level 6 of the Dungeon.
You worshipped Kikubaaqudgha.
Kikubaaqudgha was noncommittal.
You were a venomous arachnid creature.
You visited 1 branch of the dungeon, and saw 6 of its levels.

You collected 189 gold pieces.
You spent 84 gold pieces at shops.

Inventory:

Hand Weapons
 c - a +0 flail
 t - a +1 short sword of venom
 u - the +6 broad axe "Midiog" (melded) {chaos, Drain rC+ Str+5}
   (You found it on level 4 of the Dungeon)

   Each time it hits an enemy it has a different, random effect.
   Str:       It affects your strength (+5).
   rC:        It protects you from cold.
   Drain:     It drains your maximum health when unequipped.
Missiles
 e - 23 stones
 h - 6 boomerangs
 n - 10 poisoned darts
 w - 5 javelins
 F - 6 datura-tipped darts
Armour
 a - a +0 robe (melded)
 v - a +1 hat
 D - a +0 buckler
 E - a +0 pair of gloves
 I - a +1 helmet
Magical Staves
 d - a staff of cold
Wands
 m - a wand of light (4)
 r - a wand of polymorph (5)
 y - a wand of mindburst (9)
Scrolls
 g - 2 scrolls of fear
 i - a scroll of brand weapon
 k - a scroll of enchant weapon {unknown}
 o - 2 scrolls of teleportation
 q - a scroll of immolation {unknown}
 x - a scroll of noise {unknown}
 G - a scroll of vulnerability {unknown}
Potions
 b - a potion of lignification
 f - a potion of haste
 j - a potion of mutation
 l - a potion of degeneration
 s - 2 potions of might
 z - 2 potions of berserk rage
 A - a potion of ambrosia {unknown}
 B - 2 potions of flight {unknown}
 C - a potion of heal wounds {unknown}
 H - a potion of attraction {unknown}


   Skills:
 + Level 3.7 Fighting
 + Level 2.6 Short Blades
 + Level 2.6 Long Blades
 + Level 2.6 Axes
 + Level 2.6 Maces & Flails
 + Level 2.6 Polearms
 + Level 2.6 Staves
 + Level 2.6 Ranged Weapons
 + Level 2.6 Throwing
 + Level 2.6 Armour
 + Level 5.3 Dodging
 + Level 2.6 Stealth
 + Level 2.6 Shields
 + Level 7.1 Unarmed Combat
 + Level 5.7 Spellcasting
 + Level 2.1 Conjurations
 + Level 2.1 Hexes
 + Level 2.1 Summonings
 + Level 2.1 Necromancy
 + Level 2.1 Translocations
 + Level 4.4 Transmutations
 + Level 2.1 Fire Magic
 + Level 2.1 Ice Magic
 + Level 2.1 Air Magic
 + Level 2.1 Earth Magic
 + Level 2.1 Poison Magic
 + Level 3.0 Invocations
 + Level 2.6 Evocations


You had 11 spell levels left.
You knew the following spells:

 Your Spells              Type           Power      Damage    Failure   Level
a - Beastly Appendage     Tmut           32%        N/A       10%         1
b - Wereblood             Tmut           16%        N/A       13%         2
c - Spider Form           Tmut/Pois      13%        N/A       30%         3

Your spell library contained the following spells:

 Spells                   Type           Power      Damage    Failure   Level
 Magic Dart               Conj           40%        1d5       19%         1
 Searing Ray              Conj           20%        2d5       24%         2
 Dazzling Flash           Conj/Hex       20%        N/A       41%         3
 Ice Form                 Ice/Tmut       13%        N/A       61%         4
 Fulminant Prism          Conj/Hex       5%         3d6       75%         4
 Iskenderun's Mystic Bla  Conj/Tloc      10%        2d4       75%         4
 Starburst                Conj/Fire      5%         6d4       100%        6


Dungeon Overview and Level Annotations

Branches:
Dungeon (6/15)             Temple (0/1) D:4

Altars:
Kikubaaqudgha
Okawaru
Qazlal
Ru
Trog
Xom

Shops:
D:3 ?   D:4 (?[*


Innate Abilities, Weirdness & Mutations

You are a venomous arachnid creature.
You have poisonous fangs.
You are tiny and dextrous.
Your spellcasting is less reliable in this form.
Your armour is entirely melded.
You are incapable of wielding weapons or throwing items.
((You have very sharp teeth.))
Your uncanny sense of smell can sniff out nearby items.
Your experience applies equally to all skills.


Message History

You bite the water moccasin!
You kill the water moccasin!
Kikubaaqudgha accepts your kill.
You feel very sick.
The black bear bites you but does no damage.
The black bear claws you. The black bear closely misses you.
Your Invocations skill increases to level 3!
You bite the black bear!
The black bear looks as sick as possible!
The black bear is moderately wounded.
You feel very sick.
You hit the black bear.
The black bear looks as sick as possible!
The black bear is heavily wounded.
You feel very sick. The black bear bites you.
The black bear completely misses you. x2
You hit the black bear but do no damage.
The black bear is heavily wounded.
You feel very sick. The black bear bites you!
* * * LOW HITPOINT WARNING * * *
The black bear closely misses you. The black bear barely misses you.
You feel better. The scorpion stings you.
The black bear goes berserk!
The scorpion stings you.
* * * LOW HITPOINT WARNING * * *
You barely miss the black bear.
The black bear is severely wounded.
The black bear misses you. The black bear claws you.
* * * LOW HITPOINT WARNING * * *
The black bear claws you.
* * * LOW HITPOINT WARNING * * *
The scorpion stings you.
* * * LOW HITPOINT WARNING * * *
You hit the black bear but do no damage.
The black bear looks as sick as possible!
The black bear is almost dead.
The black bear completely misses you. The black bear closely misses you.
The black bear completely misses you. The black bear bites you!
You die...
Kikubaaqudgha rasps: "You have failed me!
Welcome... death!"

.## ##...##
. ##...## #
###..##
####..##
#......##
#.......##
##.......##
#........##
##....##sh#
##..####s.#
#### ...#
..... ∆
.......
.......
.......
.......


You could see a black bear (berserk, extremely poisoned) and a scorpion.

Vanquished Creatures
  A water moccasin (D:6)
  An ice beast (D:5)
  An ogre (D:5)
  A howler monkey (D:6)
  An orc priest (D:3)
  A hound (D:5)
  5 iguanas
  An orc wizard (D:5)
  4 adders
  An ufetubus (D:5)
  2 worms
  2 dart slugs
  11 orcs
  An endoplasm (D:3)
  3 giant cockroaches
  5 goblins
  3 hobgoblins
  2 jackals (D:4)
  2 quokkas (D:4)
  7 ball pythons
  A bat (D:2)
  2 frilled lizards
  6 kobolds
  2 rats (D:3)
66 creatures vanquished.

Vanquished Creatures (others)
  A human (D:3)
1 creature vanquished.

Grand Total: 67 creatures vanquished

Notes
Turn   | Place    | Note
-------+----------+-------------------------------------------
     0 | D:1      | themarg the Gnoll Transmuter began the quest for the Orb.
     0 | D:1      | Reached XP level 1. HP: 17/17 MP: 6/6
   391 | D:1      | Reached XP level 2. HP: 23/23 MP: 5/7
   394 | D:1      | Learned a level 2 spell: Wereblood
   434 | D:1      | You fall into a shaft and drop 1 floor!
   704 | D:2      | Reached skill level 5 in Spellcasting
   704 | D:2      | Reached XP level 3. HP: 28/28 MP: 6/9
   708 | D:2      | Learned a level 3 spell: Spider Form
   992 | D:3      | Found Seekiawol's Magic Scroll Boutique.
  1000 | D:3      | Bought a scroll of teleportation for 36 gold pieces
  1083 | D:3      | Reached skill level 1 in Invocations
  1087 | D:3      | Reached skill level 1 in Short Blades
  1087 | D:3      | Reached skill level 1 in Long Blades
  1087 | D:3      | Reached skill level 1 in Axes
  1087 | D:3      | Reached skill level 1 in Maces & Flails
  1087 | D:3      | Reached skill level 1 in Polearms
  1087 | D:3      | Reached skill level 1 in Staves
  1087 | D:3      | Reached skill level 1 in Ranged Weapons
  1087 | D:3      | Reached skill level 1 in Throwing
  1087 | D:3      | Reached skill level 1 in Armour
  1087 | D:3      | Reached skill level 1 in Stealth
  1087 | D:3      | Reached skill level 1 in Shields
  1087 | D:3      | Reached skill level 1 in Evocations
  1087 | D:3      | Reached XP level 4. HP: 33/34 MP: 8/11
  1328 | D:3      | Reached skill level 1 in Conjurations
  1328 | D:3      | Reached skill level 1 in Hexes
  1328 | D:3      | Reached skill level 1 in Summonings
  1328 | D:3      | Reached skill level 1 in Necromancy
  1328 | D:3      | Reached skill level 1 in Translocations
  1328 | D:3      | Reached skill level 1 in Fire Magic
  1328 | D:3      | Reached skill level 1 in Ice Magic
  1328 | D:3      | Reached skill level 1 in Air Magic
  1328 | D:3      | Reached skill level 1 in Earth Magic
  1328 | D:3      | Reached skill level 1 in Poison Magic
  1374 | D:3      | Found an ancient bone altar of Kikubaaqudgha.
  1388 | D:3      | Noticed a human
  1391 | D:3      | Killed a human
  1392 | D:3      | Became a worshipper of Kikubaaqudgha
  1730 | D:3      | Bought a scroll of fear for 48 gold pieces
  1752 | D:4      | Found Keqout's Magic Scroll Shop.
  1768 | D:4      | Reached XP level 5. HP: 41/41 MP: 9/12
  1800 | D:4      | Found Zoufuk's Weapon Emporium.
  1958 | D:4      | Found a staircase to the Ecumenical Temple.
  1960 | D:4      | Identified the +6 broad axe "Midiog" {chaos, Drain rC+
                  | Str+5}
  2045 | D:4      | Found Fiutael's Antique Armour Shoppe.
  2274 | D:4      | Found Rohif's Assorted Antiques.
  2355 | D:4      | Found a shimmering altar of Xom.
  2357 | D:4      | Found a shimmering altar of Xom.
  2357 | D:4      | Found an iron altar of Okawaru.
  2359 | D:4      | Found a stormy altar of Qazlal.
  2359 | D:4      | Found a stormy altar of Qazlal.
  2359 | D:4      | Found a bloodstained altar of Trog.
  2567 | D:5      | Entered Level 5 of the Dungeon
  2658 | D:5      | Noticed an ice beast
  2682 | D:5      | Killed an ice beast
  2683 | D:5      | Reached skill level 5 in Dodging
  2683 | D:5      | Reached XP level 6. HP: 43/47 MP: 8/14
  2955 | D:5      | Reached skill level 7 in Unarmed Combat
  2955 | D:5      | Reached XP level 7. HP: 47/52 MP: 13/15
  2988 | D:5      | Found a sacrificial altar of Ru.
  3291 | D:6      | Slain by a black bear

Illustrated notes

Levels and vault maps discovered:
D:1:      sevenhm_arrival_forest_fort_large_2, layout_basic, serial_shops, shop
D:2:      layout_rooms
D:3:      layout_loops_cross, tgw_kikubaaqudgha, serial_shops, shop,
          minmay_tree_intersection, chequers_serial_rivers_micro_e
D:4:      layout_cave_pools, doesnt_xom_only_xom, minmay_temple_entry_tees,
          serial_shops, nicolae_shop_advertising_works
          [nicolae_subvault_shop_adworks], shop, nicolae_shop_hallway_stairs,
          kennysheep_mini_moat
D:5:      layout_gridville, nicolae_ru_sacrificial_ziggurat
D:6:      layout_cave_pods, fedhas_altar_4, trog_butcher_becter

Skill      XL: |  1  2  3  4  5  6  7 |
---------------+----------------------+-----
Spellcasting   | 5 |  5.7
Invocations    | 1 2 3 |  3.0
Short Blades   | 1 2 |  2.6
Long Blades    | 1 2 |  2.6
Axes           | 1 2 |  2.6
Maces & Flails | 1 2 |  2.6
Polearms       | 1 2 |  2.6
Staves         | 1 2 |  2.6
Ranged Weapons | 1 2 |  2.6
Throwing       | 1 2 |  2.6
Armour         | 1 2 |  2.6
Stealth        | 1 2 |  2.6
Shields        | 1 2 |  2.6
Evocations     | 1 2 |  2.6
Conjurations   | 1 2 |  2.1
Hexes          | 1 2 |  2.1
Summonings     | 1 2 |  2.1
Necromancy     | 1 2 |  2.1
Translocations | 1 2 |  2.1
Fire Magic     | 1 2 |  2.1
Ice Magic      | 1 2 |  2.1
Air Magic      | 1 2 |  2.1
Earth Magic    | 1 2 |  2.1
Poison Magic   | 1 2 |  2.1
Fighting       | 3 |  3.7
Transmutations | 4 |  4.4
Dodging        | 5 |  5.3
Unarmed Combat | 7 |  7.1

Action                   |  1- 3 |  4- 6 |  7- 9 || total
-------------------------+-------+-------+-------++-------
Melee: Flail             |    46 |    23 |       ||    69
       Kick              |    16 |     7 |       ||    23
       Headbutt          |     6 |     2 |       ||     8
       Bite              |     4 |     1 |       ||     5
       Punch             |     1 |     1 |       ||     2
       Unarmed           |       |    89 |    16 ||   105
 Cast: Beastly Appendage |    16 |     8 |       ||    24
       Wereblood         |     1 |     2 |       ||     3
       Spider Form       |       |    19 |     3 ||    22
  Use: Scroll            |       |     6 |     1 ||     7
       Potion            |       |       |     1 ||     1
 Stab: Sleeping          |       |     2 |     2 ||     4
Armor: Robe              |     9 |     4 |       ||    13
       Skin              |       |     1 |     1 ||     2
Dodge: Dodged            |    28 |    79 |    16 ||   123

Table legend: (Time is in decaauts)
 A = Elapsed time spent in this place.
 B = Non-inter-level travel time spent in this place.
 C = Inter-level travel time spent in this place.
 D = Time resting spent in this place.
 E = Time spent auto-exploring this place.
 F = Levels seen in this place.
 G = Mean time per level.
                   A        B        C        D        E       F      G
               +--------+--------+--------+--------+--------+-----+--------+
         Total |   3301 |   3221 |     80 |     23 |   2547 |   6 |  550.2 |
       Dungeon |   3301 |   3221 |     80 |     23 |   2547 |   6 |  550.2 |
               +--------+--------+--------+--------+--------+-----+--------+

Top non-repeatable levels by time:
     D:4: 814 daAuts
     D:3: 791 daAuts
     D:5: 636 daAuts
     D:2: 542 daAuts
     D:1: 439 daAuts
     D:6: 78 daAuts
